 Dungeon Crawl Stone Soup version 0.31-a0-667-g39726597b9 (webtiles) character file.

Game seed: 10798132483684435523

57 Zonian the Ruffian (level 3, -2/28 HPs)
             Began as a Demonspawn Gladiator on Sept 4, 2023.
             Slain by a gnoll
             ... wielding a +0 whip
              (4 damage)
             ... on level 2 of the Dungeon.
             The game lasted 00:02:53 (395 turns).

Zonian the Ruffian (Demonspawn Gladiator)            Turns: 395, Time: 00:02:53

Health: -2/28      AC:  4    Str: 16    XL:     3   Next: 73%
Magic:  3/3        EV: 12    Int:  9    God:
Gold:   46         SH:  0    Dex: 14    Spells: 2/2 levels left

rFire   . .          .
                       - Unarmed
rCold   . . .        (no shield)
rNeg    . . .        a - +0 leather armour
rPois   .            b - +0 helmet
rElec   .            (no cloak)
rCorr   .            (no gloves)
SInv    .            (no boots)
Will    .....        (no amulet)
Stlth   +            (no ring)
HPRegen 0.24/turn    (no ring)
MPRegen 0.08/turn

%: no passive effects
@: lethally poisoned (-2 -> -4)
A: weakness stinger 1
a: no special abilities


You were on level 2 of the Dungeon.
You visited 1 branch of the dungeon, and saw 2 of its levels.

You collected 46 gold pieces.

Inventory:

Missiles
 d - a javelin
Armour
 a - a +0 leather armour (worn)
 b - a +0 helmet (worn)
Wands
 h - a wand of light (1)
Scrolls
 f - a scroll of identify {unknown}
 g - a scroll of fog {unknown}


   Skills:
 + Level 2.6 Fighting
 + Level 2.4 Throwing
 + Level 3.1 Dodging
 + Level 3.1 Unarmed Combat


You had 2 spell levels left.
You didn't know any spells.
Your spell library contained the following spells:

 Spells                   Type           Power      Damage    Failure   Level
 Magic Dart               Conj           0%         1d3       45%         1
 Call Imp                 Summ           0%         N/A       58%         2
 Mephitic Cloud           Conj/Pois/Air  0%         N/A       83%         3
 Ozocubu's Armour         Ice            0%         N/A       83%         3
 Metabolic Englaciation   Hex/Ice        0%         N/A       100%        5
 Simulacrum               Ice/Necr       0%         N/A       100%        6


Dungeon Overview and Level Annotations

Branches:
Dungeon (2/15)

Altars:


Innate Abilities, Weirdness & Mutations

You have a small tail.


Message History

Found a scroll labelled VED SUASOE.
An adder comes into view.
You hit the adder.
The adder is heavily wounded.
The adder bites you.
You are poisoned.
The adder poisons you! The adder bites you but does no damage.
You hit the adder but do no damage.
The adder is heavily wounded.
You feel sick. The adder bites you.
* * * LOW HITPOINT WARNING * * *
You are more poisoned.
The adder poisons you!
You hit the adder.
The adder is almost dead.
* * * LOW HITPOINT WARNING * * *
You feel sick. The adder bites you.
* * * LOW HITPOINT WARNING * * *
Unknown command.
You aren't carrying any potions.
Unknown command.
Aiming: Bolt of Light
Press: ? - help, Shift-Dir - straight line, f - adder
Aim: an adder (almost dead, 53% to hit)
The bolt of light misses the adder.
* * * LOW HITPOINT WARNING * * *
You feel sick.
The adder barely misses you. x2; The gnoll closely misses you.
Unknown command.
You hit the adder.
You kill the adder!
* * * LOW HITPOINT WARNING * * *
You feel sick. The gnoll barely misses you.
Unknown command.
You completely miss the gnoll.
* * * LOW HITPOINT WARNING * * *
You feel sick. The gnoll closely misses you.
You hit the gnoll but do no damage.
* * * LOW HITPOINT WARNING * * *
You feel sick. The gnoll hits you with a +0 whip.
You die...

# #.#### ......
##### ### #
##.#######.#####
#......g@?......
##.#######.#####
#.# # #.# #g#
#.# #.# #.# #.#


You could see a gnoll.

Vanquished Creatures
  2 gnolls (D:2)
  2 adders (D:2)
  2 bats (D:1)
  2 endoplasms (D:2)
  2 goblins (D:2)
  2 hobgoblins (D:1)
  A jackal (D:2)
  A quokka (D:1)
  4 ball pythons
  A kobold (D:2)
  A rat (D:2)
20 creatures vanquished.

Notes
Turn   | Place    | Note
-------+----------+-------------------------------------------
     0 | D:1      | Zonian the Demonspawn Gladiator began the quest for the
                  | Orb.
     0 | D:1      | Reached XP level 1. HP: 16/16 MP: 1/1
   236 | D:1      | You fall into a shaft and drop 1 floor!
   247 | D:2      | Gained mutation: You have a small tail. [demonic ancestry]
   247 | D:2      | Reached XP level 2. HP: 19/22 MP: 2/2
   333 | D:2      | Reached XP level 3. HP: 4/28 MP: 3/3
   395 | D:2      | Slain by a gnoll

Illustrated notes

Levels and vault maps discovered:
D:1:      saegor_arrival_simple_b, layout_rooms, minmay_statues_item
D:2:      layout_loops_ring, minmay_misc_feat_iff, uniq_robin

Skill      XL: |  1  2 |
---------------+-------+-----
Throwing       | 2 |  2.4
Dodging        | 3 |  3.1
Unarmed Combat | 3 |  3.1
Fighting       | |  2.6

Action                     || total
---------------------------++-------
  Melee: Unarmed           ||    83
         Tailslap          ||     1
  Throw: Throwing net      ||     3
  Evoke: Wand              ||     4
    Use: Scroll            ||     1
 Armour: Leather armour    ||    46
  Dodge: Dodged            ||    74

Table legend: (Time is in decaauts)
 A = Elapsed time spent in this place.
 B = Non-inter-level travel time spent in this place.
 C = Inter-level travel time spent in this place.
 D = Time resting spent in this place.
 E = Time spent auto-exploring this place.
 F = Levels seen in this place.
 G = Mean time per level.
                   A        B        C        D        E       F      G
               +--------+--------+--------+--------+--------+-----+--------+
         Total |    391 |    391 |      0 |      0 |    132 |   2 |  195.5 |
       Dungeon |    391 |    391 |      0 |      0 |    132 |   2 |  195.5 |
               +--------+--------+--------+--------+--------+-----+--------+

Top non-repeatable levels by time:
     D:1: 234 daAuts
     D:2: 156 daAuts
